 Dungeon Crawl Stone Soup version 0.20.1-1-g8b1a95d (webtiles) character file.

451 Firecrotchwizard the Spear-Bearer (level 7, -7/50 HPs)
             Began as a Merfolk Gladiator on Oct 29, 2017.
             Was a Follower of Okawaru.
             Mangled by a wraith (8 damage)
             ... in an ossuary.
             The game lasted 00:08:35 (3981 turns).

Firecrotchwizard the Spear-Bearer (MfGl)            Turns: 3981, Time: 00:08:35

Health: -7/50      AC:  6    Str: 14    XL:     7   Next: 4%
Magic:  7/7        EV: 13    Int:  8    God:    Okawaru [*.....]
Gold:   174        SH:  0    Dex: 17    Spells: 6/6 levels left

rFire    . . .     SeeInvis .   a - +0 trident
rCold    . . .     Gourm    .   (no shield)
rNeg     . . .     Faith    .   l - +0 ring mail {rPois}
rPois    +         Spirit   .   c - +0 helmet
rElec    .         Reflect  .   (no cloak)
rCorr    .         Harm     .   (no gloves)
MR       .....                  (no boots)
Stlth    +.........             (no amulet)
Regen    0.2/turn               s - ring of poison resistance {rPois, !d}
MPRegen  0.1/turn               (no ring)

@: slowed, very slow
A: change form in water, swift swim, stealthy swim
a: Heroism, Renounce Religion


You were in an ossuary.
You worshipped Okawaru.
Okawaru was aware of your devotion.
You were hungry.

You visited 1 branch of the dungeon, and saw 4 of its levels.
You also visited: Ossuary.

You collected 174 gold pieces.

Inventory:

Hand Weapons
 a - a +0 trident (weapon)
 b - a +0 hunting sling
   (You found it on level 2 of the Dungeon)
 g - a +0 blowgun
   (You took it off a kobold on level 3 of the Dungeon)
 y - a +2 hand axe of chopping
   (You found it on level 4 of the Dungeon)
Missiles
 d - 3 throwing nets {=f, !d}
 v - 4 curare-tipped needles
 w - 19 sling bullets
Armour
 c - a +0 helmet (worn)
 l - a +0 ring mail of poison resistance (worn)
   (You found it on level 2 of the Dungeon)
Jewellery
 s - a ring of poison resistance (left hand) {rPois, !d}
   (You found it on level 2 of the Dungeon)
Wands
 q - a wand of lightning (10/15)
   (You found it on level 2 of the Dungeon)
 t - a wand of flame (20/48)
   (You found it on level 3 of the Dungeon)
 x - a wand of confusion (8/48)
   (You found it on level 3 of the Dungeon)
Scrolls
 e - a scroll of noise {unknown}
 f - 3 scrolls of remove curse
 i - 2 scrolls of enchant armour {unknown}
 j - a scroll of immolation {!r}
 k - 7 scrolls of identify
 o - 2 scrolls of teleportation {unknown}
 p - a scroll of magic mapping {unknown}
Potions
 h - a potion of curing {unknown}
 m - a potion of berserk rage {unknown}
 r - a potion of might {unknown}
 u - 2 potions of lignification {unknown}
 B - a potion of heal wounds {unknown}
Comestibles
 n - 2 meat rations {@e2}
 z - 2 bread rations {@e1}
 A - 4 fruits


   Skills:
 - Level 2.1 Fighting
 + Level 10.9 Polearms
 - Level 2.0 Throwing
 - Level 4.0 Dodging


You had 6 spell levels left.
You didn't know any spells.

Dungeon Overview and Level Annotations

Branches:
Dungeon (4/15)
 Temple: D:4-7

Altars:
Gozag
Okawaru
Qazlal

Annotations:
D:3 Sharkman1231's ghost, amateur DsWn


Message History

There is an open door here.
k - 7 scrolls of identify (gained 1)
There is an open door here.
You avoid triggering a needle trap.
There is a needle trap here.
You open the door.
There is an open door here.
u - 2 black potions
There is an open door here.
You found an arrow trap!
You avoid triggering an arrow trap.
There is an arrow trap here.
You open the door.
A mummy comes into view.
Attack whom?
Aim: a mummy You reach to attack!
You hit the mummy. You puncture the mummy! You puncture the mummy!
The mummy misses you.
You hit the mummy but do no damage. You hit the mummy but do no damage.
The mummy closely misses you.
You hit the mummy.
You destroy the mummy!
Okawaru accepts your kill.
No target in view!
There is an open door here.
i - 2 scrolls labeled JIOLAM APYECS (gained 1)
There is an open door here.
You open the door.
You found an arrow trap!
You avoid triggering an arrow trap.
There is an arrow trap here.
You open the door.
There is an open door here.
o - 2 scrolls labeled SOFEPOKHL SOUR (gained 1)
There is an open door here.
You avoid triggering an arrow trap.
There is an arrow trap here.
You are feeling hungry.
You may need something to eat soon, looking for food.
Can't find anything matching that.
Okay, then.
You open the door.
There is an open door here.
f - 3 scrolls of remove curse (gained 1)
There is an open door here.
You found a spear trap!
You open the door.
There is an open door here.
B - a fizzy silvery potion
There is an open door here.
You open the door.
A wraith comes into view.
You hit the wraith but do no damage. The wraith hits you.
You take 1 damage, and have 49/50 hp.
You closely miss the wraith.
Health restored: 50 Your ring mail prevents you from hitting the wraith.
The wraith closely misses you.
You barely miss the wraith. The wraith misses you.
You closely miss the wraith. The wraith hits you but does no damage.
You hit the wraith but do no damage. You hit the wraith but do no damage.
The wraith completely misses you.
You completely miss the wraith. The wraith barely misses you.
You hit the wraith but do no damage. The wraith hits you!
The wraith drains your vigour!
You feel yourself slow down.
You take 9 damage, and have 41/50 hp.
You puncture the wraith! The wraith hits you! The wraith drains your vigour!
You feel as though you will be slow longer.
You take 8 damage, and have 33/50 hp.
You closely miss the wraith. The wraith hits you.
The wraith drains your vigour!
You feel as though you will be slow longer.
You take 5 damage, and have 28/50 hp.
You completely miss the wraith. The wraith hits you!
The wraith drains your vigour!
You feel as though you will be slow longer.
You take 11 damage, and have 17/50 hp.
MASSIVE DAMAGE!!
You closely miss the wraith. The wraith closely misses you.
You completely miss the wraith. The wraith hits you!
* * * LOW HITPOINT WARNING * * *
The wraith drains your vigour!
You feel as though you will be slow longer.
You take 8 damage, and have 9/50 hp.
You hit the wraith.
The wraith hits you but does no damage. x2
You completely miss the wraith. The wraith hits you.
* * * LOW HITPOINT WARNING * * *
The wraith drains your vigour!
You feel as though you will be slow longer.
You take 3 damage, and have 7/50 hp.
You puncture the wraith! The wraith hits you.
* * * LOW HITPOINT WARNING * * *
The wraith drains your vigour!
You feel as though you will be slow longer.
You take 6 damage, and have 1/50 hp.
You closely miss the wraith. The wraith barely misses you.
You barely miss the wraith. The wraith hits you!
You die...

.......#^#..#.#..#.#...
........^..............
.####.......###.......#
.#.'....8...#.#...8....
.####.......#'#.......#
............#^#........
.......................
.####..####.....####..#
.#.'...#.'...8.^@W=#...
.####..####.....####..#
.......................
.........^..#.#........
.####.......#'#.......#
.#.'....8...#.#...8....
.####.......###.......#
.......................
.......#.#..#.#..#.#...


You could see a wraith.

Vanquished Creatures
  An ogre (D:4)
  An elf zombie (Ossuary)
  A scorpion (D:4)
  A water moccasin skeleton (D:4)
  A hound (D:4)
  A centaur skeleton (D:4)
  A mummy (Ossuary)
  4 adders
  A worm (D:2)
  3 dart slugs
  A leopard gecko (D:4)
  9 bats
  15 giant cockroaches
  12 hobgoblins
  2 quokkas (D:3)
  A ball python (D:2)
  5 frilled lizards
  11 goblins
  3 goblin zombies
  6 hobgoblin zombies (Ossuary)
  6 kobolds
  3 kobold zombies (Ossuary)
  A quokka zombie (D:4)
  5 rats
95 creatures vanquished.

Notes
Turn   | Place    | Note
-------+----------+-------------------------------------------
     0 | D:1      | Firecrotchwizard the Merfolk Gladiator began the quest for the Orb.
     0 | D:1      | Reached XP level 1. HP: 16/16 MP: 1/1
   100 | D:1      | Reached skill level 5 in Polearms
   132 | D:1      | Reached XP level 2. HP: 21/22 MP: 2/2
   403 | D:1      | Reached XP level 3. HP: 26/27 MP: 3/3
   465 | D:1      | Reached skill level 6 in Polearms
  1528 | D:2      | HP: 6/27 [hobgoblin/club (4)]
  1671 | D:2      | Reached XP level 4. HP: 23/33 MP: 4/4
  1901 | D:3      | Found a stormy altar of Qazlal.
  1915 | D:3      | Reached skill level 7 in Polearms
  2010 | D:3      | Found an iron altar of Okawaru.
  2102 | D:3      | Became a worshipper of Warmaster Okawaru
  2113 | D:3      | Noticed Sharkman1231's ghost (amateur DsWn)
  2119 | D:3      | HP: 8/33 [Sharkman1231's ghost/magic dart (9)]
  3087 | D:4      | Reached skill level 8 in Polearms
  3087 | D:4      | Reached XP level 5. HP: 27/38 MP: 5/5
  3279 | D:4      | Reached skill level 9 in Polearms
  3279 | D:4      | Reached XP level 6. HP: 36/44 MP: 6/6
  3284 | D:4      | Found an opulent altar of Gozag.
  3321 | D:4      | Reached * piety under Okawaru
  3321 | D:4      | Reached skill level 10 in Polearms
  3465 | D:4      | Found a sand-covered staircase.
  3492 | Ossuary  | Entered an ossuary
  3492 | Ossuary  | Noticed a wraith
  3492 | Ossuary  | Noticed a wraith
  3492 | Ossuary  | Noticed a wraith
  3697 | Ossuary  | Reached XP level 7. HP: 37/50 MP: 7/7
  3962 | Ossuary  | Noticed a wraith
  3976 | Ossuary  | HP: 9/50 [wraith (8)]
  3979 | Ossuary  | HP: 1/50 [wraith (6)]
  3981 | Ossuary  | Mangled by a wraith

Skill      XL: |  1  2  3  4  5  6 |
---------------+-------------------+-----
Polearms       | 5 6 8 9 10 | 10.9
Fighting       | |  2.1
Throwing       | |  2.0
Dodging        | |  4.0

Action                   |  1- 3 |  4- 6 |  7- 9 || total
-------------------------+-------+-------+-------++-------
Melee: Trident           |   143 |   165 |    49 ||   357
 Fire: Hunting sling     |       |     6 |       ||     6
  Use: Scroll            |     4 |       |       ||     4
  Eat: Chunk             |     3 |     1 |       ||     4
       Bread ration      |       |     1 |       ||     1
       Fruit             |       |       |     1 ||     1
Armor: Leather armour    |     1 |       |       ||     1
       Ring mail         |    31 |    34 |     4 ||    69
Dodge: Dodged            |    64 |    83 |    19 ||   166

Vault maps used:
D:1:      scummos_arrival_gate
D:3:      minmay_roachtagon, nicolae_qazlal_general_emergency, lemuel_tele_altar
D:4:      overflow_temple_1_default, first_bread, enter_ossuary_4,
          minmay_gold_behind_fungi, uniq_eustachio, uniq_sigmund, uniq_robin,
          uniq_edmund
Ossuary:  ossuary_kennysheep_city_of_the_dead

Table legend:
 A = Turns spent in this place as a percentage of turns spent in the entire game.
 B = Non-inter-level travel turns spent in this place as a percentage of non-inter-level travel turns spent in the entire game.
 C = Inter-level travel turns spent in this place as a percentage of turns spent in this place.
 D = Turns resting spent in this place as a percentage of non-inter-level travel turns spent in this place.
 E = Turns spent auto-exploring this place as a percentage of non-inter-level travel turns spent in this place.
 F = Non-inter-level travel turns spent in this place divided by the number of levels of this place that you've seen.
                   A       B       C       D       E      F
               +-------+-------+-------+-------+-------+----------------------
         Total | 100.0 | 100.0 |   0.5 |   2.2 |  10.6 | 223.4
       Dungeon |  86.6 |  86.6 |   0.6 |   2.2 |  10.7 | 241.8
       Ossuary |  13.4 |  13.4 |   0.0 |   2.7 |  10.0 | 150.0
               +-------+-------+-------+-------+-------+----------------------

Table legend:
 A = Kills in this place as a percentage of kills in entire the game.
 B = Kills by you in this place as a percentage of kills by you in the entire game.
 C = Kills by friends in this place as a percentage of kills by friends in the entire game.
 D = Other kills in this place as a percentage of other kills in the entire game.
 E = Experience gained in this place as a percentage of experience gained in the entire game.
 F = Experience gained in this place divided by the number of levels of this place that you have seen.
                   A       B       C       D       E      F
               +-------+-------+-------+-------+-------+----------------------
         Total | 100.0 | 100.0 |  -nan |  -nan | 100.0 | 129.0
       Dungeon |  86.3 |  86.3 |  -nan |  -nan |  80.2 | 129.2
       Ossuary |  13.7 |  13.7 |  -nan |  -nan |  19.8 | 128.0
               +-------+-------+-------+-------+-------+----------------------
